 Seeded DCSS version 0.29.1-15-g9cfb28693d (webtiles) character file.

Game seed: 5297477676520237703 (custom seed)

2690 GigaChad the Cleaver (level 9, 0/78 HPs)
             Began as a Minotaur Fighter on Mar 10, 2023.
             Was a Believer of Okawaru.
             Succumbed to a water moccasin's poison
             ... on level 7 of the Dungeon.
             The game lasted 00:13:49 (6766 turns).

GigaChad the Cleaver (Minotaur Fighter)             Turns: 6766, Time: 00:13:51

Health: 0/78       AC: 15    Str: 32    XL:     9   Next: 38%
Magic:  8/8        EV:  8    Int:  5    God:    Okawaru [**....]
Gold:   862        SH:  6    Dex: 15    Spells: 8/8 levels left

rFire   . . .      SeeInvis .   a - +0 war axe
rCold   . . .      Faith    .   c - +0 buckler
rNeg    . . .      Spirit   .   i - +0 plate armour
rPois   .          Reflect  .   (helmet restricted)
rElec   .          Harm     .   t - +0 cloak
rCorr   .          Rampage  .   (no gloves)
Will    .....                   (no boots)
Stlth   ..........              (no amulet)
HPRegen 0.23/turn               n - +6 ring of strength
MPRegen 0.11/turn               y - +6 ring of dexterity

@: lethally poisoned (0 -> -12)
A: horns 2, retaliatory headbutt
a: Renounce Religion, Heroism


You were on level 7 of the Dungeon.
You worshipped Okawaru.
Okawaru was pleased with you.
You visited 2 branches of the dungeon, and saw 8 of its levels.

You collected 862 gold pieces.

Inventory:

Hand Weapons
 a - a +0 war axe (weapon)
 u - the +11 executioner's axe "Qiammol" {flame, *Slow rC+ Str+4}
   (You acquired it on level 4 of the Dungeon)

   It burns those it strikes, dealing additional fire damage.
   Big, fiery blades are also staple armaments of hydra-hunters.
   Str:       It affects your strength (+4).
   rC:        It protects you from cold.
   *Slow:     It may slow you when you take damage.
Missiles
 w - 4 javelins (quivered)
 x - 7 poisoned darts
Armour
 b - a +0 scale mail
 c - a +0 buckler (worn)
 i - a +0 plate armour (worn)
 t - a +0 cloak (worn)
Jewellery
 j - an amulet of magic regeneration
 n - a +6 ring of strength (left hand)
 r - a ring of flight
 y - a +6 ring of dexterity (right hand)
 z - the ring "Ruih" {rF+ Str+6 SInv}
   (You found it on level 5 of the Dungeon)

   [ring of strength]

   Str:       It affects your strength (+6).
   rF:        It protects you from fire.
   SInv:      It lets you see invisible.
 C - an amulet of guardian spirit
Scrolls
 e - a scroll of vulnerability
 f - 6 scrolls of identify
 g - a scroll of fear {unknown}
 h - 4 scrolls of teleportation
 m - 2 scrolls of immolation
 q - a scroll of magic mapping {unknown}
 s - a scroll of enchant armour {unknown}
 A - a scroll of summoning {unknown}
 B - a scroll of brand weapon {unknown}
Potions
 d - a potion of might
 k - 3 potions of magic {unknown}
 l - 3 potions of resistance {unknown}
 o - 2 potions of brilliance {unknown}
 p - 2 potions of attraction {unknown}
 v - 3 potions of flight {unknown}
 D - a potion of heal wounds {unknown}


   Skills:
 + Level 6.9 Fighting
 + Level 10.5 Axes
 + Level 9.0 Armour
 + Level 0.7 Dodging
 + Level 1.1 Stealth
 + Level 6.2 Shields


You had 8 spell levels left.
You didn't know any spells.
Your spell library contained the following spells:

 Spells                   Type           Power      Damage    Failure   Level
 Blade Hands              Tmut           0%         N/A       100%        5
 Irradiate                Conj/Tmut      0%         3d11      100%        5
 Dragon Form              Tmut           0%         N/A       100%        7


Dungeon Overview and Level Annotations

Branches:
Dungeon (7/15)             Temple (1/1) D:5

Altars:
Cheibriados
Dithmenos
Fedhas
Kikubaaqudgha
Okawaru
Sif Muna
Uskayaw
Wu Jian
Xom
Yredelemnul
The Shining One

Shops:
D:6 :

Portals:
Abyss: D:3

Annotations:
D:3 2 transporters, Mickster's ghost, weakling GrFi
D:7 3 runed translucent doors, croobank's ghost, novice OpDe; croobank's ghost, novice OpSu; nroviw's ghost, novice TrFi


Innate Abilities, Weirdness & Mutations

You have a pair of horns on your head.
You reflexively headbutt those who attack you in melee.


Message History

Unknown command.
Unknown command.
You are too injured to fight recklessly!
Unknown command.
You are too injured to fight recklessly!
You are too injured to fight recklessly!
You are too injured to fight recklessly!
You are too injured to fight recklessly!
You feel sick. You block the water moccasin's attack.
The white imp hits you but does no damage.
The wight closely misses you. The wight completely misses you.
The water moccasin bites you but does no damage.
Things that are here:
a +4 mace; a +0 robe You feel sick.
The white imp hits you but does no damage.
The wight barely misses you. The water moccasin bites you.
You are more poisoned.
The water moccasin poisons you! The wight hits you with a +4 halberd!
* * * LOW HITPOINT WARNING * * *
You feel drained.
* * * LOW HITPOINT WARNING * * *
Things that are here:
a +0 mace; a +0 robe You slice the water moccasin!!
You kill the water moccasin!
Okawaru accepts your kill.
You slash the wight! You completely miss the white imp.
* * * LOW HITPOINT WARNING * * *
You feel very sick. You block the wight's attack.
The white imp gestures at you.
The puff of frost hits you but does no damage.
The wight hits you with a +4 halberd!
* * * LOW HITPOINT WARNING * * *
Your life force feels restored.
Your Armour skill increases to level 9!
Unknown command.
Unknown command.
You die...

...W#...... ##......
[P⌠P###.#..
#......##########....
#....................
#...........#........
###..n...#.............
..#.$......#.#...........
........zz.#.#...........
#5)@....#.#.........
#.).......#.........
#........##.........
####.....##.#......#
###..#.##.#.#.....
#.................
##.#...........##.#
#.[#.#..#....#.##.#
#.##.#.....<......#


You could see a necrophage, 2 wights and a white imp.

Vanquished Creatures
  A gargoyle (D:5)
  Sigmund (D:5)
  Eustachio (D:6)
  A steam dragon (D:6)
  A water moccasin (D:7)
  Duvessa (D:5)
  4 ogres
  A centaur (D:6)
  4 phantoms
  4 scorpions
  2 bullfrogs
  2 wights (D:7)
  Dowan (D:5)
  3 orc priests
  4 hounds
  A jelly (D:6)
  3 iguanas
  Ijyb (D:3)
  2 orc wizards
  9 adders
  2 ufetubi
  A worm (D:4)
  A dart slug (D:5)
  14 orcs
  5 endoplasms
  5 giant cockroaches
  8 goblins
  8 hobgoblins
  3 jackals (D:4)
  2 quokkas
  4 ball pythons
  3 bats
  A frilled lizard (D:2)
  5 kobolds
  2 rats
111 creatures vanquished.

Vanquished Creatures (others)
  4 withered plants (D:7)
4 creatures vanquished.

Grand Total: 115 creatures vanquished

Notes
Turn   | Place    | Note
-------+----------+-------------------------------------------
     0 | D:1      | GigaChad the Minotaur Fighter began the quest for the Orb.
     0 | D:1      | Reached XP level 1. HP: 19/19 MP: 0/0
   608 | D:1      | Reached XP level 2. HP: 25/27 MP: 1/1
  1247 | D:2      | Reached XP level 3. HP: 33/33 MP: 2/2
  1464 | D:3      | Reached skill level 3 in Axes
  1576 | D:3      | Noticed a kobold brigand
  1696 | D:3      | Found a transporter.
  1703 | D:3      | Found a transporter.
  1712 | D:3      | Noticed Mickster's ghost (weakling GrFi)
  1718 | D:3      | Found a one-way gate to the infinite horrors of the Abyss.
  2111 | D:3      | Found a glowing golden altar of the Shining One.
  2187 | D:3      | Noticed Ijyb
  2228 | D:3      | Killed Ijyb
  2229 | D:3      | Reached XP level 4. HP: 22/40 MP: 3/3
  2502 | D:3      | Reached skill level 4 in Axes
  2964 | D:4      | Noticed a scorpion
  2973 | D:4      | Killed a scorpion
  2974 | D:4      | Reached skill level 5 in Axes
  2974 | D:4      | Reached XP level 5. HP: 33/46 MP: 4/4
  3077 | D:4      | Found a blossoming altar of Fedhas.
  3402 | D:4      | Reached skill level 5 in Armour
  3402 | D:4      | Reached XP level 6. HP: 53/53 MP: 5/5
  3588 | D:4      | Identified 2 scrolls of acquirement
  3588 | D:4      | Acquired 579 gold pieces
  3590 | D:4      | Acquired the +11 executioner's axe "Qiammol" {flame, *Slow
                  | rC+ Str+4}
  3615 | D:5      | Entered Level 5 of the Dungeon
  3766 | D:5      | Reached skill level 6 in Axes
  3877 | D:5      | Reached skill level 5 in Shields
  3877 | D:5      | Reached XP level 7. HP: 46/60 MP: 6/6
  3885 | D:5      | Reached skill level 5 in Fighting
  3885 | D:5      | Reached skill level 7 in Axes
  4299 | D:5      | Identified the ring "Ruih" {rF+ Str+6 SInv}
  4307 | D:5      | Found a staircase to the Ecumenical Temple.
  4377 | Temple   | Entered the Ecumenical Temple
  4395 | Temple   | Became a worshipper of Warmaster Okawaru
  4421 | D:5      | Noticed Dowan
  4422 | D:5      | Noticed Duvessa
  4430 | D:5      | Killed Dowan
  4434 | D:5      | Killed Duvessa
  4625 | D:5      | Reached XP level 8. HP: 54/70 MP: 7/7
  4843 | D:5      | Found a shadowy altar of Dithmenos.
  4905 | D:5      | Noticed Sigmund
  4916 | D:5      | Killed Sigmund
  4916 | D:5      | Reached * piety under Okawaru
  4917 | D:5      | Reached skill level 8 in Axes
  4976 | D:5      | Noticed a gargoyle
  4983 | D:5      | Killed a gargoyle
  5278 | D:5      | Found a shimmering blue altar of Sif Muna.
  5353 | D:6      | Reached skill level 9 in Axes
  5542 | D:6      | Found a shimmering altar of Xom.
  5593 | D:6      | Found a shimmering altar of Xom.
  5824 | D:6      | Reached XP level 9. HP: 68/78 MP: 8/8
  5982 | D:6      | Found Zoschist's Tremendous Tomes.
  6056 | D:6      | Reached ** piety under Okawaru
  6217 | D:6      | Noticed Eustachio
  6233 | D:6      | Killed Eustachio
  6234 | D:6      | Reached skill level 10 in Axes
  6299 | D:6      | Found a snail-covered altar of Cheibriados.
  6576 | D:7      | Found a runed translucent gate.
  6577 | D:7      | Found a runed translucent gate.
  6577 | D:7      | Found a runed translucent gate.
  6578 | D:7      | Noticed croobank's ghost (novice OpDe)
  6578 | D:7      | Noticed croobank's ghost (novice OpSu)
  6578 | D:7      | Noticed nroviw's ghost (novice TrFi)
  6684 | D:7      | Reached skill level 1 in Stealth
  6765 | D:7      | HP: 3/76 [wight/+4 halberd (12)]
  6766 | D:7      | Succumbed to a water moccasin's poison

Illustrated notes

Levels and vault maps discovered:
D:1:      eino_arrival_cavern_d, layout_loops_corners
D:2:      layout_basic, kennysheep_generic_room_4
D:3:      layout_loops_corners, tso_metal_star, gammafunk_ghost_abyssal_escape,
          uniq_ijyb
D:4:      layout_basic, marbit_many_paths, item_on_display_a
D:5:      layout_basic, nicolae_dithmenos_through_a_glass_darkly,
          old_standard_altar, minmay_temple_entry_mini_moons, uniq_duvessa,
          uniq_sigmund
D:6:      layout_cave_pods, mainiacjoe_overflow_alcove_1, xom_redecorated,
          nicolae_shop_i_like_big_books, nicolae_eternal_life, uniq_eustachio
D:7:      layout_rooms, gammafunk_ghost_cemetery
Temple:   nicolae_temple_bog_church

Skill      XL: |  1  2  3  4  5  6  7  8  9 |
---------------+----------------------------+-----
Armour         | 4 5 6 8 9 |  9.0
Fighting       | 4 5 6 |  6.9
Shields        | 4 5 6 |  6.2
Axes           | 3 5 6 7 9 10 | 10.5
Stealth        | 1 |  1.1
Dodging        | |  0.7

Action                   |  1- 3 |  4- 6 |  7- 9 || total
-------------------------+-------+-------+-------++-------
Melee: War axe           |   100 |    85 |   122 ||   307
       Headbutt          |     9 |    13 |    25 ||    47
  Use: Scroll            |       |     4 |     2 ||     6
Armor: Scale mail        |    11 |       |       ||    11
       Plate armour      |    56 |    49 |    59 ||   164
Dodge: Dodged            |    36 |    35 |    44 ||   115
Block: Buckler           |    30 |    29 |    37 ||    96
